 Dungeon Crawl Stone Soup version 0.20.0-10-g0535bb4 (webtiles) character file.

140 maniacrov the Slinger (level 5, -6/35 HPs)
             Began as a Halfling Hunter on June 5, 2017.
             Mangled by an orc
             ... wielding a +2 hand axe of electrocution
              (16 damage)
             ... on level 5 of the Dungeon.
             The game lasted 00:06:43 (1400 turns).

maniacrov the Slinger (Halfling Hunter)             Turns: 1400, Time: 00:06:43

Health: -6/35      AC:  7    Str: 13    XL:     5   Next: 47%
Magic:  5/5        EV: 15    Int:  9    God:
Gold:   71         SH:  0    Dex: 16    Spells: 4/4 levels left

rFire    . . .     SeeInvis .   b - +0 short sword
rCold    . . .     Gourm    .   (shield restricted)
rNeg     . . .     Faith    .   c - +0 leather armour
rPois    .         Spirit   .   o - +1 hat
rElec    .         Reflect  .   e - scarf {repulsion}
rCorr    .         Harm     .   m - +2 pair of gloves
MR       .....                  (no boots)
Stlth    ++........             (no amulet)
Regen    0.2/turn               (no ring)
MPRegen  0.1/turn               (no ring)

@: repel missiles
A: mutation resistance 1
a: no special abilities


You were on level 5 of the Dungeon.
You were not hungry.

You visited 1 branch of the dungeon, and saw 4 of its levels.

You collected 71 gold pieces.

Inventory:

Hand Weapons
 a - a +1 hunting sling
 b - a +0 short sword (weapon)
Armour
 c - a +0 leather armour (worn)
 e - a scarf of repulsion (worn)
 g - a cursed +0 leather armour
 m - a +2 pair of gloves (worn)
 o - a +1 hat (worn)
Scrolls
 h - a scroll of enchant weapon {unknown}
 k - a scroll of amnesia
 l - a scroll of remove curse
 n - 2 scrolls of immolation {unknown}
 q - a scroll of random uselessness {unknown}
Potions
 i - 2 potions of lignification {unknown}
 r - a potion of haste {unknown}
Comestibles
 f - 2 bread rations
 j - a royal jelly
 s - 4 fruits


   Skills:
 + Level 2.3 Fighting
 + Level 8.3 Slings
 + Level 1.2 Armour
 + Level 2.3 Dodging
 + Level 1.6 Stealth


You had 4 spell levels left.
You didn't know any spells.

Dungeon Overview and Level Annotations

Branches:
Dungeon (4/15)
 Temple: D:4-7

Altars:


Innate Abilities, Weirdness & Mutations

You are small and have problems with some larger weapons.
You are somewhat resistant to further mutation.


Message History

The orc wizard gestures at you while chanting.
The magic dart hits you! The orc barely misses you.
The orc hits you with a hand axe of electrocution.
You hit the orc but do no damage.
The orc is almost dead.
The orc wizard barely misses you.
A sky beast appears from thin air!
Reactivating autopickup.
The orc wizard closely misses you. The orc completely misses you. x2
You hit the orc.
You kill the orc!
The orc wizard closely misses you.
The sky beast flickers out of sight!
Deactivating autopickup; reactivate with Ctrl-A.
The orc hits you with a hand axe of electrocution.
* * * LOW HITPOINT WARNING * * *
The orc wizard closely misses you. The hound closely misses you.
You miss the orc wizard.
The orc wizard hits you but does no damage.
The hound misses you. The orc hits you but does no damage.
You are electrocuted!
You die...

##+## .## ##...##
.... ##..!..##
.... ##.......##
...#.(#o........#
(...%{h@o.......+
...#..#)........#
.... ##.......##
#### ##.....##
##...## ##'##
#### #.# .....
#.##.....
##........


You could see a hound, an orc wizard and an orc.

Vanquished Creatures
  An ice beast (D:5)
  An adder (D:5)
  An adder skeleton (D:5)
  3 orcs (D:5)
  A bat (D:2)
  A giant cockroach (D:1)
  4 goblins
  A hobgoblin (D:1)
  10 jackals
  A quokka (D:4)
  A leopard gecko zombie (D:5)
  A quokka skeleton (D:5)
  A rat (D:2)
27 creatures vanquished.

Notes
Turn   | Place    | Note
-------+----------+-------------------------------------------
     0 | D:1      | maniacrov the Halfling Hunter began the quest for the Orb.
     0 | D:1      | Reached XP level 1. HP: 14/14 MP: 1/1
    39 | D:1      | Reached skill level 6 in Slings
    47 | D:1      | Reached XP level 2. HP: 19/19 MP: 2/2
   511 | D:2      | Reached XP level 3. HP: 24/24 MP: 3/3
   595 | D:2      | You fall through a shaft for 2 floors!
   769 | D:4      | You fall through a shaft!
   769 | D:5      | Entered Level 5 of the Dungeon
   801 | D:5      | Reached skill level 7 in Slings
  1207 | D:5      | Noticed an ice beast
  1219 | D:5      | Killed an ice beast
  1219 | D:5      | Reached skill level 8 in Slings
  1219 | D:5      | Reached skill level 1 in Armour
  1219 | D:5      | Reached XP level 4. HP: 15/30 MP: 4/4
  1219 | D:5      | Reached XP level 5. HP: 17/35 MP: 5/5
  1382 | D:5      | Noticed a sky beast
  1400 | D:5      | Mangled by an orc

Skill      XL: |  1  2  3 |
---------------+----------+-----
Slings         | 6 8 |  8.3
Fighting       | 2 |  2.3
Armour         | 1 |  1.2
Dodging        | |  2.3
Stealth        | |  1.6

Action                   |  1- 3 |  4- 6 || total
-------------------------+-------+-------++-------
Melee: Short sword       |       |    10 ||    10
 Fire: Hunting sling     |    70 |    16 ||    86
  Use: Scroll            |     6 |       ||     6
       Potion            |     2 |       ||     2
  Eat: Meat ration       |     1 |       ||     1
Armor: Leather armour    |     5 |    11 ||    16
Dodge: Dodged            |    15 |    24 ||    39
